 Dungeon Crawl Stone Soup version 0.16.1-2-g95b8d4c (webtiles) character file.

9217 tablord the Bludgeoner (level 11, -6/90 HPs)
             Began as a Gargoyle Berserker on Mar 25, 2015.
             Was a High Priest of Trog.
             Mangled by a crocodile (9 damage)
             ... on level 1 of the Lair of Beasts.
             The game lasted 00:40:58 (9529 turns).

tablord the Bludgeoner (Gargoyle Berserker)         Turns: 9529, Time: 00:40:58

Health: -6/90      AC: 16    Str: 26    XL:     11   Next: 43%
Magic:  2/2        EV: 16    Int:  8    God:    Trog [*****.]
Gold:   425        SH:  0    Dex: 15    Spells: 0 memorised, 10 levels left

rFire  . . .     SeeInvis +     w - +0 flail
rCold  . . .     Clarity  .     X - +0 leather armour of the Suburbs {rPois MP-9 Dex+3}
rNeg   + . .     SustAb   .     (no shield)
rPois  ∞         Gourm    .     L - +2 helmet (curse)
rElec  +         Spirit   .     C - +0 cloak
rCorr  .         Warding  .     (no gloves)
rMut   .         Stasis   .     p - +0 pair of boots
MR     .....                    (no amulet)
Stlth  ..........               M - +4 ring of evasion
                                u - ring of see invisible

@: berserking (expiring), very quick, not resistant to hostile enchantments,
extremely unstealthy
A: negative energy resistance 1, electricity resistance, unbreathing,
petrification resistance, rot immunity, AC +7
a: Burn Spellbooks, Berserk, Trog's Hand, Brothers in Arms, Renounce Religion


You were on level 1 of the Lair of Beasts.
You worshipped Trog.
Trog was extremely pleased with you.
You were hungry.

You visited 2 branches of the dungeon, and saw 10 of its levels.

You collected 425 gold pieces.

Inventory:

Hand weapons
 h - a +3 great mace
 w - a +0 flail (weapon)
 R - a +1 great mace of draining
Missiles
 r - 6 tomahawks of returning (quivered)
Armour
 p - a +0 pair of boots (worn)
 C - a +0 cloak (worn)
 L - a cursed +2 helmet (worn)
 X - the +0 leather armour of the Suburbs (worn) {rPois MP-9 Dex+3}
   (You found it on level 1 of the Lair of Beasts)

   It affects your dexterity (+3).
   It protects you from poison.
   It affects your magic capacity (-9).
Jewellery
 u - a ring of see invisible (left hand)
 y - an uncursed ring of protection from magic
 M - a +4 ring of evasion (right hand)
 W - an uncursed ring of magical power {unknown}
Magical devices
 t - a wand of paralysis (17)
Scrolls
 b - a scroll of amnesia {unknown}
 d - 4 scrolls of teleportation
 e - a scroll of silence {unknown}
 g - 3 scrolls of immolation {unknown}
 i - 6 scrolls of remove curse
 j - 4 scrolls of magic mapping {unknown}
 n - 7 scrolls of enchant weapon {unknown}
 v - 3 scrolls of random uselessness {unknown}
 E - 2 scrolls of noise {unknown}
 F - 2 scrolls of recharging {unknown}
 U - a scroll of enchant armour {unknown}
Potions
 a - a potion of haste {unknown}
 f - 7 potions of curing
 k - 4 potions of agility
 m - 3 potions of mutation
 o - 2 potions of might
 q - 6 potions of ambrosia
 D - a potion of magic
 J - a potion of brilliance {unknown}
 K - a potion of lignification {unknown}
 T - 2 potions of restore abilities
Comestibles
 c - 7 bread rations
 l - 6 meat rations
 s - 4 chunks of flesh
 H - 2 beef jerkies
 O - 7 fruits


   Skills:
 - Level 3.2 Fighting
 + Level 16.6 Maces & Flails
 - Level 2.2 Armour
 - Level 1.5 Dodging


You had 10 spell levels left.
You didn't know any spells.

Dungeon Overview and Level Annotations

Branches:
Dungeon (9/15)             Temple (0/1) D:6            Lair (1/8) D:9
    Orc: D:9-12

Altars:
Ashenzari
Dithmenos
Elyvilon
Fedhas
Ru
Sif Muna
Xom
Yredelemnul
Zin

Shops:
D:5 :

Annotations:
D:8 exclusion: oklob sapling


Innate Abilities, Weirdness & Mutations

You are resistant to torment.
You are immune to poison.
Your stone body is very resilient (AC +7).
You resist negative energy.
You are resistant to electric shocks.
You can survive without breathing.
You are immune to petrification.
You are immune to rotting.


Message History

You completely miss the blink frog. You miss the blink frog.
The blink frog hits you.
* * * LOW HITPOINT WARNING * * *
The crocodile bites you!
* * * LOW HITPOINT WARNING * * *
You miss the blink frog.
Your troll rages.
The blink frog hits you but does no damage.
The blink frog blinks!
Unknown command.
The blink frog momentarily phases out as your troll's attack passes through it.
Your troll closely misses the blink frog.
The blink frog momentarily phases out as your troll's attack passes through it.
You hit the crocodile!
The crocodile is heavily wounded.
Your troll rages.
You hit the crocodile!
The crocodile is almost dead.
The crocodile bites you!
You die...

#.........÷........#...........
##.................##.(.........
#..................#...........(
#.................#....#.##.....
#.....................######....
#.......F....†......### #P..P
....##........T.....)#


#P.PP ... #.......§.t###..# ##.## .. ##..[....##@##...# P..# #....#.#######...
.P# #....>## ##. #.......# # ##.....## #.....# ...F...# F....... F...... You
could see a blink frog, a crocodile and a friendly troll (berserk).

Vanquished Creatures
  A hydra (Lair:1)
  Erolcha (D:9)
  Pikel (D:6)
  Joseph (D:8)
  A black mamba (Lair:1)
  The ghost of Rayvis the Cleaver, an experienced DsFi of Makhleb (D:6)
  2 wandering mushrooms (D:8)
  2 blink frogs (Lair:1)
  2 deep elf magi
  A hippogriff (D:8)
  11 wolves (Lair:1)
  Edmund (D:5)
  Menkaure (D:6)
  A warg (Lair:1)
  A porcupine (Lair:1)
  The ghost of asdu the Magician, an average DEFE (D:5)
  3 phantoms
  A water moccasin (D:5)
  3 sky beasts (D:6)
  A slave (D:6)
  4 ogres
  A black bear (D:8)
  A crocodile (Lair:1)
  Duvessa (D:5)
  6 centaurs
  A big kobold (D:7)
  3 giant frogs
  3 killer bees (D:9)
  2 scorpions (D:6)
  2 goliath beetles
  Dowan (D:5)
  A gnoll shaman (D:5)
  4 crimson imps
  3 giant frog skeletons
  5 hounds
  4 jellies
  5 orc wizards
  2 orc priests (D:8)
  A centaur skeleton (D:4)
  An iguana (D:9)
  2 worker ants
  Natasha (thrice) (D:5)
  A killer bee zombie (D:7)
  2 worker ant zombies
  12 adders
  9 gnolls
  2 shadow imps
  A giant mite (D:3)
  4 worms
  An adder skeleton (D:5)
  2 oozes
  23 orcs
  13 bats
  2 giant cockroaches
  9 goblins
  10 hobgoblins
  11 jackals
  6 quokkas
  A ball python (D:3)
  9 giant geckos
  A giant gecko zombie (D:8)
  7 giant newts
  21 kobolds
  2 quokka skeletons
  14 rats
256 creatures vanquished.

Vanquished Creatures (collateral kills)
  A blink frog (Lair:1)
  A phantom (D:8)
  A big kobold (D:8)
  A goliath beetle (D:8)
  5 kobolds (D:8)
9 creatures vanquished.

Vanquished Creatures (others)
  2 crimson imps
  A centaur zombie (D:8)
  A worker ant (D:6)
  A bat (D:8)
  A rat (D:8)
6 creatures vanquished.

Grand Total: 271 creatures vanquished

Notes
Turn   | Place    | Note
--------------------------------------------------------------
     0 | D:1      | tablord, the Gargoyle Berserker, began the quest for the Orb.
     0 | D:1      | Reached XP level 1. HP: 14/14 MP: 1/1
   234 | D:1      | Reached XP level 2. HP: 17/19 MP: 2/2
   361 | D:1      | Reached skill level 4 in Maces & Flails
   361 | D:1      | Reached XP level 3. HP: 23/23 MP: 3/3
   363 | D:1      | Acquired Trog's second power
   957 | D:2      | Reached XP level 4. HP: 28/28 MP: 4/4
  1233 | D:3      | Reached skill level 5 in Maces & Flails
  1269 | D:3      | Found a blossoming altar of Fedhas.
  2142 | D:4      | Reached XP level 5. HP: 32/32 MP: 5/5
  2215 | D:4      | Noticed an ogre
  2226 | D:4      | Killed an ogre
  2226 | D:4      | Reached skill level 6 in Maces & Flails
  2226 | D:4      | Reached XP level 6. HP: 30/37 MP: 6/6
  2305 | D:4      | Noticed an ogre
  2316 | D:4      | Killed an ogre
  2316 | D:4      | Reached skill level 7 in Maces & Flails
  2835 | D:4      | Noticed a phantom
  2882 | D:4      | Killed a phantom
  2882 | D:4      | Reached XP level 7. HP: 9/41 MP: 7/7
  3192 | D:5      | Entered Level 5 of the Dungeon
  3268 | D:5      | Found a glowing silver altar of Zin.
  3268 | D:5      | Noticed Duvessa
  3268 | D:5      | Noticed Dowan
  3269 | D:5      | Noticed Edmund
  3310 | D:5      | Killed Dowan
  3310 | D:5      | Reached skill level 8 in Maces & Flails
  3324 | D:5      | Killed Edmund
  3771 | D:5      | Reached skill level 9 in Maces & Flails
  3801 | D:5      | Acquired Trog's third power
  3813 | D:5      | Noticed Natasha
  3819 | D:5      | Killed Natasha
  3862 | D:5      | Found a white marble altar of Elyvilon.
  3863 | D:5      | Found a glowing silver altar of Zin.
  3954 | D:5      | Found Moho's Book Emporium.
  3954 | D:5      | Noticed Natasha
  3960 | D:5      | Killed Natasha
  3960 | D:5      | Reached XP level 8. HP: 35/46 MP: 8/8
  4130 | D:5      | Noticed asdu's ghost (average DEFE)
  4148 | D:5      | Killed asdu's ghost
  4148 | D:5      | Reached skill level 10 in Maces & Flails
  4218 | D:5      | Killed Duvessa
  4270 | D:5      | Noticed Natasha
  4274 | D:5      | Killed Natasha
  4463 | D:5      | Found a shattered altar of Ashenzari.
  4716 | D:6      | Found a sacrificial altar of Ru.
  4734 | D:6      | Found a staircase to the Ecumenical Temple.
  4771 | D:6      | Noticed Menkaure
  4773 | D:6      | Noticed Pikel
  4785 | D:6      | Killed Menkaure
  4785 | D:6      | Reached skill level 11 in Maces & Flails
  4785 | D:6      | HP: 3/69 [slave[Pikel] (5)]
  4798 | D:6      | Killed Pikel
  4798 | D:6      | Reached XP level 9. HP: 12/51 MP: 9/9
  5015 | D:6      | Noticed Rayvis' ghost (experienced DsFi)
  5044 | D:6      | Killed Rayvis' ghost
  5044 | D:6      | Reached skill level 12 in Maces & Flails
  5138 | D:6      | Found a shadowy altar of Dithmenos.
  5138 | D:6      | Found a basalt altar of Yredelemnul.
  5857 | D:7      | Reached skill level 13 in Maces & Flails
  5938 | D:7      | Found a deep blue altar of Sif Muna.
  5964 | D:7      | Found a shimmering altar of Xom.
  5981 | D:7      | Found a shimmering altar of Xom.
  5982 | D:7      | Found a shimmering altar of Xom.
  5983 | D:7      | Found a shimmering altar of Xom.
  5985 | D:7      | Found a shimmering altar of Xom.
  6315 | D:7      | Reached XP level 10. HP: 52/56 MP: 10/10
  6420 | D:7      | Received a gift from Trog
  6703 | D:8      | Noticed Joseph
  6719 | D:8      | Killed Joseph
  6719 | D:8      | Reached skill level 14 in Maces & Flails
  7111 | D:8      | Found a blossoming altar of Fedhas.
  7901 | D:9      | Found a staircase to the Lair.
  8177 | D:9      | Noticed Erolcha
  8189 | D:9      | Killed Erolcha
  8189 | D:9      | Reached skill level 15 in Maces & Flails
  8662 | Lair:1   | Entered Level 1 of the Lair of Beasts
  8747 | Lair:1   | Got a shimmering leather armour
  8758 | Lair:1   | Identified the +0 leather armour of the Suburbs {rPois MP-9 Dex+3} (You found it on level 1 of the Lair of Beasts)
  8860 | Lair:1   | Received a gift from Trog
  8920 | Lair:1   | Reached XP level 11. HP: 34/60 MP: 2/11
  9106 | Lair:1   | Noticed a black mamba
  9112 | Lair:1   | Killed a black mamba
  9112 | Lair:1   | Reached skill level 16 in Maces & Flails
  9328 | Lair:1   | Noticed an eight-headed hydra
  9339 | Lair:1   | Killed an eight-headed hydra
  9525 | Lair:1   | HP: 2/90 [crocodile (7)]
  9529 | Lair:1   | Mangled by a crocodile

Action                   |  1- 3 |  4- 6 |  7- 9 | 10-12 || total
-------------------------+-------+-------+-------+-------++-------
Melee: Mace              |    89 |   227 |   453 |       ||   769
       Morningstar       |       |       |    35 |   387 ||   422
       Whip              |       |       |    17 |       ||    17
       Flail             |       |       |       |    68 ||    68
       Great mace        |       |       |       |     7 ||     7
Throw: Tomahawk          |       |     3 |       |       ||     3
Invok: Berserk           |     2 |     3 |     7 |     4 ||    16
       Trog's Hand       |       |       |     3 |     4 ||     7
       Brothers in Arms  |       |       |       |     2 ||     2
  Use: Scroll            |       |       |     2 |    11 ||    13
  Eat: Chunk             |     2 |     8 |    12 |    14 ||    36
       Beef jerky        |       |     1 |       |       ||     1
       Meat ration       |       |       |     1 |       ||     1
       Fruit             |       |       |     3 |       ||     3
